 Dungeon Crawl Stone Soup version 0.29-a0-885-gb26ba3297d (webtiles) character file.

Game seed: 11848779001388450370

224 trckry the Sneak (level 5, -4/25 HPs)
             Began as a Felid Delver on July 21, 2022.
             Slain by a gnoll sergeant
             ... wielding a +0 trident
              (14 damage)
             ... on level 5 of the Dungeon.
             The game lasted 00:22:57 (7822 turns).

trckry the Sneak (Felid Delver)                     Turns: 7822, Time: 00:22:58

Health: -4/25      AC:  2    Str: 10    XL:     5   Next: 67%
Magic:  9/9        EV: 19    Int: 11    God:
Gold:   232        SH:  0    Dex: 18    Spells: 8/8 levels left
                                        Lives:  0   Deaths: 1

rFire   . . .      SeeInvis +     - Unarmed
rCold   . . .      Faith    .   (shield unavailable)
rNeg    . . .      Spirit   .   (body armour unavailable)
rPois   .          Reflect  .   (helmet unavailable)
rElec   .          Harm     .   (cloak unavailable)
rCorr   .          Rampage  .   (gloves unavailable)
Will    .....                   (boots unavailable)
Stlth   ++++......              (no amulet)
HPRegen 0.08/turn               (no ring)
MPRegen 0.11/turn               (no ring)

@: quick
A: very small, claws 1, fangs 3, see invisible, speed 1, shaggy fur 2, stealthy
paws, no weapons or thrown items, no armour, multi-lived
a: no special abilities


You were on level 5 of the Dungeon.
You visited 2 branches of the dungeon, and saw 7 of its levels.

You collected 232 gold pieces.

Inventory:

Jewellery
 i - a ring of resist corrosion
Wands
 e - a wand of digging (3)
Scrolls
 a - a scroll of fog
 b - a scroll of magic mapping
 c - 2 scrolls of fear
 d - a scroll of identify
 f - a scroll of teleportation
 h - a scroll of immolation
Potions
 q - 2 potions of brilliance


   Skills:
 + Level 4.1 Fighting
 + Level 4.5 Dodging
 + Level 7.8 Stealth
 * Level 4.4 Unarmed Combat
 + Level 2.2 Spellcasting


You had 8 spell levels left.
You didn't know any spells.
Your spell library contained the following spells:

 Spells                   Type           Power      Damage    Failure   Level
 Apportation              Tloc           2%         N/A       28%         1
 Freeze                   Ice            4%         1d3       28%         1
 Necrotise                Necr           4%         1d4       28%         1
 Summon Small Mammal      Summ           4%         N/A       28%         1
 Call Canine Familiar     Summ           1%         N/A       65%         3
 Frozen Ramparts          Ice            2%         1d2       65%         3
 Gell's Gravitas          Tloc           1%         N/A       65%         3
 Ignite Poison            Fire/Tmut/Pois 1%         N/A       65%         3
 Lesser Beckoning         Tloc           1%         N/A       65%         3
 Mephitic Cloud           Conj/Pois/Air  1%         N/A       65%         3
 Teleport Other           Tloc           1%         N/A       65%         3
 Hailstorm                Conj/Ice       1%         3d3       96%         4
 Leda's Liquefaction      Hex/Erth       0%         N/A       96%         4
 Freezing Cloud           Conj/Ice/Air   0%         6-21      100%        5
 Portal Projectile        Hex/Tloc       Unusable   N/A       N/A         3

Dungeon Overview and Level Annotations

Branches:
Dungeon (6/15) Zot: 26988  Temple (1/1) D:5 Zot: 5534

Altars:
Ashenzari
Cheibriados
Elyvilon
Fedhas
Makhleb
Okawaru
Qazlal
Sif Muna
Uskayaw
Vehumet
Wu Jian
Xom
The Shining One

Annotations:
D:3 3 runed translucent doors, Brotato's ghost, weakling SpBr
D:4 Menkaure


Innate Abilities, Weirdness & Mutations

You have sharp claws.
You have razor-sharp teeth.
You have supernaturally acute eyesight. (SInv)
You cover ground quickly. (Speed+)
You are covered in thick fur. (AC +2)
Your paws help you pounce on unaware monsters.
You are incapable of wielding weapons or throwing items.
You cannot wear armour.
You gain extra lives every three experience levels.


Message History

The black bear misses you. The black bear closely misses you.
The black bear misses you. The black bear closely misses you.
The black bear claws you.
You regained 2 hp, and now have 9/28 hp.
The black bear attacks as you move away!
The black bear closely misses you. The black bear claws you.
* * * LOW HITPOINT WARNING * * *
The black bear claws you.
You die...
The black bear closely misses you. The black bear barely misses you.
The black bear claws you.
You are now level 5!
You rejoin the land of the living...
Health restored: 25 You now have 9/9 mp.
Done exploring.
A gnoll is nearby!
No target in view!
You hear an angry growl.
The gnoll sergeant shouts!
The gnoll shouts!
You scratch the gnoll sergeant.
The gnoll sergeant is lightly wounded.
The gnoll sergeant hits you with a +0 trident!
You take 10 damage, and have 15/25 hp.
MASSIVE DAMAGE!!
You are too injured to fight recklessly!
You are too injured to fight recklessly!
The gnoll shouts!
You claw the gnoll sergeant!
The gnoll sergeant is heavily wounded.
The gnoll sergeant misses you.
You hear an angry growl.
You scratch the gnoll sergeant but do no damage.
The gnoll sergeant is heavily wounded.
The gnoll sergeant hits you with a +0 trident.
You take 5 damage, and have 10/25 hp.
You completely miss the gnoll sergeant.
The gnoll sergeant is heavily wounded.
The gnoll sergeant hits you with a +0 trident!
Ouch! That really hurt!
You die...

#..##.#..##.#..##.#..##.#...≈≈≈§≈
.#.##..#.##..#.##..#.##..#..§§≈§≈
##....##....##....##....##..≈≈§§≈
..#.##..#.##..#.##..#.##....≈≈§§≈
..##.#..##.#..##.#..##.#....≈§§§§
##....##....##....##....##..§≈§≈≈
#..##.#..##.#..##.#..##.#.#.....§
.#.##..#.##..#.##.g#.##..#.#.....
##....##....##..@g##....##......>
..#.##..#.##..#.##g.#.##......#..
..##.#..##.#..##.#..##.#......###
##....##....##....##....##..#....
#..##.#..##.#..##.#..##.#..######
.#.##..#.##..#.##..#.##..#.# #
##....##....##....##....##.# ####
..#.##..#.##..#.##..#.##...###...
..##.#..##)#..##.#..##.#.........


You could see a gnoll sergeant and 2 gnolls.

Vanquished Creatures
  A phantom (D:5)
  A howler monkey (D:5)
  A hound (D:5)
  A gnoll bouda (D:5)
  An iguana (D:5)
  An orc wizard (D:5)
  6 adders
  6 gnolls (D:5)
  A shadow imp (D:5)
  2 worms
  A dart slug (D:5)
  17 orcs
  3 endoplasms
  4 giant cockroaches
  6 goblins
  4 hobgoblins
  3 quokkas
  3 ball pythons
  4 bats
  2 frilled lizards
  4 kobolds
  6 rats
78 creatures vanquished.

Notes
Turn   | Place    | Note
-------+----------+-------------------------------------------
     0 | D:5      | trckry the Felid Delver began the quest for the Orb.
     0 | D:5      | Reached XP level 1. HP: 10/10 MP: 2/2
    10 | D:4      | Found a shimmering altar of Xom.
    20 | D:4      | Noticed Menkaure
    36 | D:4      | Noticed a jelly
    40 | D:4      | Noticed an orc wizard
   654 | D:2      | Reached XP level 2. HP: 14/14 MP: 3/3
   667 | D:1      | Found a faded altar of an unknown god.
  1692 | D:2      | Reached XP level 3. HP: 9/17 MP: 3/5
  2522 | D:3      | HP: 1/17 [orc/+0 falchion (6)]
  2949 | D:3      | Found a runed translucent gate.
  2950 | D:3      | Found a runed translucent gate.
  2950 | D:3      | Noticed Brotato's ghost (weakling SpBr)
  2955 | D:3      | Found a snail-covered altar of Cheibriados.
  3016 | D:3      | Found a runed translucent gate.
  3242 | D:3      | Reached skill level 1 in Spellcasting
  3346 | D:3      | Reached skill level 7 in Stealth
  3354 | D:3      | Found a glowing golden altar of the Shining One.
  3432 | D:3      | Noticed a kobold brigand
  3598 | D:3      | Reached XP level 4. HP: 21/21 MP: 6/6
  3920 | D:4      | Noticed a scorpion
  3924 | D:4      | Noticed a scorpion
  4349 | D:5      | Reached XP level 5. HP: 24/24 MP: 8/8
  4365 | D:5      | Noticed a phantom
  4423 | D:5      | Found a radiant altar of Vehumet.
  4506 | D:5      | Noticed a black bear
  4536 | D:5      | Found a staircase to the Ecumenical Temple.
  4546 | Temple   | Entered the Ecumenical Temple
  5600 | D:5      | HP: 2/25 [gnoll/+0 spear[a gnoll bouda] (7)]
  5767 | D:4      | HP: 2/25 [Menkaure/nerve-wracking pain (13)]
  6302 | D:5      | Killed a phantom
  6303 | D:5      | Gained mutation: You are covered in thick fur. (AC +2)
                  | [Felid growth]
  6303 | D:5      | Reached XP level 6. HP: 8/28 MP: 9/9
  7808 | D:5      | HP: 3/28 [black bear (6)]
  7808 | D:5      | Slain by a black bear
  7809 | D:5      | Reached XP level 5. HP: 1/25 MP: 9/9
  7822 | D:5      | Slain by a gnoll sergeant

Illustrated notes

Levels and vault maps discovered:
D:1:      enne_arrival_octagon_isle, layout_loops_ring,
          dreamdust_ecumenical_altar_statues, minmay_split_cup_large
D:2:      layout_loops_cross, minmay_door_square, minmay_between
D:3:      layout_basic, mainiacjoe_overflow_tiny_flanked,
          nicolae_tso_carved_into_rock, gammafunk_ghost_nasty_kobolds
D:4:      layout_rooms, lemuel_tele_altar, mainiacjoe_overflow_surrounded_room,
          gammafunk_ghost_stat_death, uniq_menkaure
D:5:      layout_rooms, general_overflow_altar, minmay_temple_entry_mist,
          nicolae_eternal_life
D:6:      layout_loops_corners, mainiacjoe_overflow_boulevard,
          ebering_ghost_gozag, lightli_corner_chamber, uniq_sigmund
Temple:   hellmonk_temple_forest_ring

Skill      XL: |  1  2  3  4  5  6 |
---------------+-------------------+-----
Dodging        | 3 4 |  4.5
Spellcasting   | 1 2 |  2.2
Stealth        | 7 |  7.8
Unarmed Combat | 3 4 |  4.4
Fighting       | 4 |  4.1

Action                   |  1- 3 |  4- 6 || total
-------------------------+-------+-------++-------
Melee: Unarmed           |    93 |   151 ||   244
       Bite              |     7 |    18 ||    25
       Punch             |     1 |     5 ||     6
  Use: Scroll            |     1 |    11 ||    12
       Potion            |     1 |     4 ||     5
 Stab: Sleeping          |    19 |     5 ||    24
       Distracted        |     1 |     1 ||     2
Armor: Skin              |     4 |     6 ||    10
Dodge: Dodged            |    56 |   119 ||   175

Table legend: (Time is in decaauts)
 A = Elapsed time spent in this place.
 B = Non-inter-level travel time spent in this place.
 C = Inter-level travel time spent in this place.
 D = Time resting spent in this place.
 E = Time spent auto-exploring this place.
 F = Levels seen in this place.
 G = Mean time per level.
                   A        B        C        D        E       F      G
               +--------+--------+--------+--------+--------+-----+--------+
         Total |   7032 |   6820 |    212 |   2427 |   2844 |   7 | 1004.6 |
       Dungeon |   6566 |   6374 |    192 |   2327 |   2521 |   6 | 1094.3 |
        Temple |    465 |    445 |     20 |    100 |    322 |   1 |  465.0 |
               +--------+--------+--------+--------+--------+-----+--------+

Top non-repeatable levels by time:
     D:5: 1930 daAuts
     D:2: 1427 daAuts
     D:3: 1273 daAuts
     D:6: 879 daAuts
     D:1: 836 daAuts
  Temple: 465 daAuts
     D:4: 220 daAuts
